 Dungeon Crawl Stone Soup version 0.30-a0-210-g01b79a254e (webtiles) character file.

Game seed: 6430239895614171147

57 IdlyInterested the Cutter (level 3, -5/27 HPs)
             Began as a Demonspawn Gladiator on Oct 4, 2022.
             Slain by a gnoll
             ... wielding a +0 halberd
              (8 damage)
             ... on level 2 of the Dungeon.
             The game lasted 00:04:51 (1490 turns).

IdlyInterested the Cutter (Demonspawn Gladiator)    Turns: 1490, Time: 00:04:52

Health: -5/27      AC:  3    Str: 14    XL:     3   Next: 73%
Magic:  3/3        EV: 17    Int: 11    God:
Gold:   76         SH:  3    Dex: 14    Spells: 2/2 levels left

rFire   + . .      SeeInvis .    a - +0 rapier (flame)
rCold   . . .      Faith    .    j - +0 buckler
rNeg    . . .      Spirit   .    f - +0 robe
rPois   .          Reflect  .    p - +0 helmet
rElec   .          Harm     .    (no cloak)
rCorr   .          Rampage  .    (no gloves)
Will    .....                    (no boots)
Stlth   ++........               (no amulet)
HPRegen 0.24/turn                h - ring of protection from fire
MPRegen 0.08/turn                (no ring)

@: agile
A: powered by pain 1, demonic magic 1
a: no special abilities


You were on level 2 of the Dungeon.
You visited 1 branch of the dungeon, and saw 2 of its levels.

You collected 76 gold pieces.

Inventory:

Hand Weapons
 a - a +0 rapier of flaming (weapon)
 c - a +0 long sword
Missiles
 d - 3 throwing nets
 k - 4 poisoned darts (quivered)
Armour
 b - a +0 leather armour
 f - a +0 robe (worn)
 j - a +0 buckler (worn)
 p - a +0 helmet (worn)
Jewellery
 h - a ring of protection from fire (left hand)
Scrolls
 m - a scroll of immolation
 q - a scroll of identify
Potions
 g - a potion of magic
 i - a potion of lignification
 l - 2 potions of attraction
 n - 2 potions of cancellation


   Skills:
 - Level 2.0 Fighting
 * Level 3.6 Short Blades
 - Level 1.7 Throwing
 - Level 2.6 Dodging
 * Level 2.3 Stealth


You had 2 spell levels left.
You didn't know any spells.
Your spell library contained the following spells:

 Spells                   Type           Power      Damage    Failure   Level
 Yara's Violent Unravell  Hex/Tmut       0%         3d3       100%        5
 Enfeeble                 Hex            0%         N/A       100%        7


Dungeon Overview and Level Annotations

Branches:
Dungeon (2/15)

Altars:

Shops:
D:2 :


Innate Abilities, Weirdness & Mutations

You sometimes gain a little power by taking damage.
Spells you cast may paralyse adjacent enemies.


Message History

You feel much better. You block the gnoll's attack.
The gnoll hits you from afar with a +0 spear.
Press: ? - help, v - describe, . - travel
Here: a gnoll, wielding a +0 spear The floor.
The gnoll barely misses you.
Throw: javelin
Press: ? - help, Shift-Dir - straight line, f - gnoll
Aim: a gnoll, wielding a +0 halberd (63% to hit)
You throw a javelin. The gnoll shouts!
The javelin pierces through the gnoll but does no damage.
The javelin pierces through the gnoll!
The gnoll is severely wounded.
The javelin pierces through the gnoll.
The gnoll is lightly wounded.
The javelin pierces through the gnoll.
The gnoll is moderately wounded.
The gnoll hits you from afar with a +0 halberd!
The gnoll completely misses you.
The gnoll hits you from afar with a +0 spear.
You barely miss the gnoll. The gnoll barely misses you.
The gnoll hits you from afar with a +0 spear.
* * * LOW HITPOINT WARNING * * *
It was a potion of curing.
You feel better. The gnoll hits you with a +0 halberd!
* * * LOW HITPOINT WARNING * * *
You focus on the pain.
You feel agile all of a sudden. The gnoll misses you.
You hit the gnoll. You burn the gnoll.
The gnoll is moderately wounded.
The gnoll closely misses you.
The gnoll hits you from afar with a +0 spear.
* * * LOW HITPOINT WARNING * * *
The gnoll barely misses you. x2
You hit the gnoll but do no damage.
The gnoll is moderately wounded.
The gnoll hits you with a +0 halberd!
You die...

#.#.# #.# #..
#.#.# #.#####..
#.#.# #........
#.#.# #.#####.#
###.#.####.# #.#
#........#.# #.#
#.#.#.##.#.# #.#
#.#......#.# #.#
#@#.#....#.#####.#
#g#..............#
#g#.######.#######
#g#.# #.# #..
#g########.#######
.(................
##########.#######
#.# #.#


You could see 4 gnolls.

Vanquished Creatures
  2 adders (D:2)
  5 endoplasms
  4 giant cockroaches
  4 goblins
  5 hobgoblins
  3 kobolds (D:1)
  3 quokkas
  3 ball pythons
  2 bats (D:1)
  A frilled lizard (D:2)
  2 rats
34 creatures vanquished.

Notes
Turn   | Place    | Note
-------+----------+-------------------------------------------
     0 | D:1      | IdlyInterested the Demonspawn Gladiator began the quest for
                  | the Orb.
     0 | D:1      | Reached XP level 1. HP: 16/16 MP: 1/1
   121 | D:1      | Reached skill level 1 in Stealth
   177 | D:1      | Reached skill level 3 in Short Blades
   177 | D:1      | Gained mutation: You sometimes gain a little power by
                  | taking damage. [demonic ancestry]
   177 | D:1      | Reached XP level 2. HP: 18/22 MP: 2/2
   740 | D:2      | Gained mutation: Spells you cast may paralyse adjacent
                  | enemies. [demonic ancestry]
   740 | D:2      | Reached XP level 3. HP: 27/27 MP: 3/3
  1124 | D:2      | Found a faded altar of an unknown god.
  1446 | D:2      | Found Curaf's Book Boutique.
  1490 | D:2      | Slain by a gnoll

Illustrated notes

Levels and vault maps discovered:
D:1:      wander_arrival_lonely_grave, layout_rooms, minmay_misc_feat_encased,
          minmay_misc_feat_enclosed, minmay_cupped
D:2:      layout_basic, chequers_ecumenical_altar_simple, serial_shops, shop

Skill      XL: |  1  2  3 |
---------------+----------+-----
Stealth        | 1 2 |  2.3
Short Blades   | 3 |  3.6
Fighting       | |  2.0
Throwing       | |  1.7
Dodging        | |  2.6

Action                   || total
-------------------------++-------
Melee: Rapier            ||   129
Throw: Dart              ||     3
       Javelin           ||     1
  Use: Scroll            ||     6
       Potion            ||     3
 Stab: Sleeping          ||     2
Armor: Leather armour    ||    26
       Skin              ||     4
       Robe              ||     4
Dodge: Dodged            ||    98
Block: Buckler           ||     1

Table legend: (Time is in decaauts)
 A = Elapsed time spent in this place.
 B = Non-inter-level travel time spent in this place.
 C = Inter-level travel time spent in this place.
 D = Time resting spent in this place.
 E = Time spent auto-exploring this place.
 F = Levels seen in this place.
 G = Mean time per level.
                   A        B        C        D        E       F      G
               +--------+--------+--------+--------+--------+-----+--------+
         Total |   1496 |   1423 |     73 |    273 |    712 |   2 |  748.0 |
       Dungeon |   1496 |   1423 |     73 |    273 |    712 |   2 |  748.0 |
               +--------+--------+--------+--------+--------+-----+--------+

Top non-repeatable levels by time:
     D:2: 785 daAuts
     D:1: 710 daAuts
